Map: [ESL] Goldenaura

Players

Spirit

  • Race: Terran Terran
  • Spawn Location: 5:00

Clem - Winner!

  • Race: Terran Terran
  • Spawn Location: 12:00

Event: ESL SC2 Masters 2024 Spring (Regional)

VOD

Have the link to the VOD?

Description

Time

  • Played on: May 3, 2024, 12:07 p.m.
  • Length: 8:06

All games in this series

Show
View Real Time Build Order
Export as new Build Order

Spirit Terran 

Build Orders: Cyclone Opening 

Get SALT Encoding   

  12  0:00  SCV  
  13  0:12  SCV  
  14  0:17  Supply Depot  
  14  0:26  SCV  
  15  0:38  SCV  
  15  0:41  Barracks  
  16  0:44  Refinery  
  16  0:50  SCV  
  16  0:54  Refinery  
  17  1:03  SCV  
  18  1:15  SCV  
  19  1:28  Orbital Command, Reaper  
  20  1:32  Supply Depot  
  20  1:41  Factory  
  20  1:53  SCV  
  21  2:00  Reaper  
  22  2:05  SCV  
  23  2:17  Command Center  
  23  2:19  SCV  
  24  2:26  Cyclone  
  26  2:32  SCV, Barracks Reactor  
  27  2:42  Supply Depot  
  27  2:44  SCV  
  28  2:50  Starport  
  28  2:57  SCV  
  29  2:59  Factory Tech Lab  
  29  3:08  Marine x2  
  29  3:09  SCV  
  32  3:15  Refinery  
  32  3:17  Siege Tank  
  35  3:21  SCV  
  35  3:26  Starport Tech Lab  
  36  3:30  Orbital Command  
  36  3:33  SCV  
  37  3:35  Marine  
  37  3:38  Marine  
  39  3:45  SCV  
  39  3:47  Banshee  
  43  3:54  Marine  
  44  3:56  Marine  
  44  3:57  SCV  
  44  3:58  SCV  
  47  4:06  Supply Depot  
  47  4:09  SCV  
  48  4:10  SCV  
  48  4:14  Siege Tank  
  48  4:21  SCV, Cloaking Field  
  48  4:22  SCV  
  48  4:24  Marine  
  50  4:25  Marine  
  50  4:30  Banshee  
  54  4:34  SCV  
  55  4:41  Marine  
  55  4:42  Supply Depot  
  55  4:45  SCV  
  57  4:46  Siege Tank, Marine  
  57  4:47  SCV  
  62  4:57  SCV  
  62  4:59  Marine  
  61  5:01  SCV  
  61  5:04  Marine  
  63  5:28  Supply Depot x2  
  62  5:47  SCV  
  62  5:48  Barracks  
  62  5:49  Banshee, Barracks, Marine x2  
  68  5:50  SCV, Siege Tank  
  64  6:02  SCV  
  65  6:07  Marine x2  
  65  6:08  Supply Depot  
  63  6:14  SCV  
  61  6:22  Siege Tank  
  61  6:25  Marine x2  
  66  6:26  SCV  
  64  6:36  Banshee  
  67  6:40  SCV  
  67  6:43  Marine x2  
  70  6:53  SCV  
  71  6:57  Marine x2  
  71  7:01  Marine x2  
  72  7:05  SCV  
  70  7:15  Marine  
  72  7:17  SCV, Supply Depot  
  72  7:18  Barracks Tech Lab  
  72  7:22  Medivac  
  74  7:29  SCV  
  75  7:30  Marine  
  75  7:31  Marine  
  77  7:41  SCV  
  66  7:45  Marine  
Show
View Real Time Build Order
Export as new Build Order

Clem Terran - Winner!

Build Orders: Cyclone Opening 

Get SALT Encoding   

  12  0:00  SCV  
  13  0:12  SCV  
  14  0:17  Supply Depot  
  14  0:24  SCV  
  15  0:38  SCV  
  15  0:39  Barracks  
  16  0:43  Refinery  
  16  0:50  SCV  
  16  0:53  Refinery  
  17  1:02  SCV  
  18  1:14  SCV  
  20  1:25  Reaper  
  20  1:27  Orbital Command  
  20  1:30  Supply Depot  
  20  1:40  Factory  
  20  1:52  SCV  
  21  1:58  Reaper  
  22  2:04  SCV  
  23  2:16  Command Center  
  23  2:18  SCV  
  24  2:24  Hellion  
  26  2:32  Starport  
  26  2:35  SCV  
  27  2:38  Barracks Reactor  
  27  2:46  Cyclone  
  27  2:48  SCV  
  30  2:54  Supply Depot  
  30  3:00  SCV  
  31  3:15  Marine x2  
  31  3:16  SCV, Medivac  
  31  3:17  Refinery  
  36  3:21  Factory Tech Lab  
  36  3:29  SCV, Orbital Command  
  36  3:33  Marine  
  38  3:35  Marine  
  39  3:42  Siege Tank  
  39  3:44  SCV  
  43  3:52  Viking  
  45  3:57  Supply Depot  
  45  3:58  SCV  
  45  4:02  SCV  
  47  4:03  Marine  
  47  4:06  Marine  
  49  4:11  SCV  
  49  4:15  SCV  
  48  4:20  Siege Tank  
  48  4:24  SCV  
  51  4:30  Supply Depot  
  52  4:31  Marine  
  52  4:34  Viking  
  52  4:35  Viking  
  52  4:36  SCV  
  57  4:40  SCV  
  58  4:47  Supply Depot  
  58  4:49  Marine  
  58  4:51  SCV  
  58  4:52  Siege Tank  
  63  4:54  SCV  
  64  5:03  SCV  
  64  5:05  Liberator, Supply Depot  
  64  5:06  Viking  
  70  5:09  Marine  
  70  5:10  SCV  
  72  5:22  SCV  
  72  5:25  SCV  
  72  5:26  Siege Tank  
  72  5:27  Marine  
  77  5:35  Command Center  
  77  5:36  SCV  
  77  5:38  SCV  
  75  5:43  Engineering Bay  
  75  5:45  Marine  
  75  5:48  SCV  
  75  5:50  SCV  
  72  5:57  Viking  
  72  6:01  SCV  
  72  6:03  SCV, Marine  
  74  6:05  Siege Tank  
  73  6:13  SCV  
  73  6:15  Viking  
  75  6:18  Missile Turret  
  75  6:21  Marine  
  75  6:25  SCV  
  75  6:26  SCV, Missile Turret  
  75  6:32  Liberator  
  75  6:37  SCV  
  75  6:38  SCV  
  80  6:41  Marine  
  81  6:49  SCV  
  81  6:51  SCV  
  80  6:54  Siege Tank  
  80  6:58  Marine  
  81  7:01  SCV  
  81  7:03  SCV  
  81  7:05  Supply Depot  
  83  7:09  Liberator  
  83  7:13  SCV, Orbital Command  
  87  7:16  Marine  
  87  7:17  SCV  
  87  7:22  Viking  
  91  7:25  SCV  
  92  7:34  SCV  
  93  7:40  SCV  
  93  7:44  SCV, Marine  
  98  7:50  SCV  
  91  7:55  Refinery  
  91  7:56  Barracks x2  
Tags
 
Add a new tag
Caveats
  • Supply blocks, unpowered buildings, or Contaminate may cause inaccurate times.
  • Supply counts are checked every 10 seconds.